AoeStats
← droidebhz

Arena

509024562Analyzed
4v4 RM · 5d ago on Sep 25, 2026· 57m 1s· 8 players
Game mode
Random Map
Map size
Large (8 player)
Population
200
Speed
Normal
Resources
Standard
Victory
Conquest
Starting age
Dark Age
Ending age
Imperial Age
RankedLock teamsTeams togetherTeam positionsShared explorationLock speedFull tech treeHidden civsTurbo modeCheats
Victory
Defeat
🇨🇴 Khmer · Colombia
744
+11
🇮🇳 Bohemians · India
626
+15
🇨🇳 Jurchens · China
590
+17
🇵🇪 Franks · Peru
519
+20
🇺🇸 Turks · United States
830
-24
🇧🇷 Byzantines · Brazil
676
-18
🇨🇱 Vikings · Chile
527
-12
🇺🇸 Turks · United States
424
-9
GhostQuery72
9:56 Loom
13:10 Feudal Age
18:50 Horse Collar
18:59 Double-Bit Axe
21:20 Castle Age
24:55 Heavy Plow
25:08 Bow Saw
29:57 Wheelbarrow
29:08 Town Watch
29:59 Town Patrol
30:55 Hand Cart
33:59 Chemistry
32:48 Pikeman
33:28 Squires
33:14 Arson
39:21 Imperial Age
37:39 Fortified Wall
37:50 Ballistics
40:06 Elite Hussite Wagon
41:47 Conscription
42:30 Wagenburg Tactics
41:52 Houfnice
45:53 Two-Man Saw
45:05 Halberdier
53:32 Siege Engineers
Mono.Rolo
8:54 Feudal Age
15:08 Castle Age
15:25 Castle Age
13:20 Double-Bit Axe
17:00 Bow Saw
17:49 Horse Collar
18:52 Heavy Plow
29:20 Stone Mining
29:21 Gold Mining
29:30 Gold Mining
30:23 Wheelbarrow
31:06 Stone Shaft Mining
31:10 Gold Shaft Mining
31:39 Hand Cart
34:44 Imperial Age
34:49 Heavy Scorpion
36:34 Chemistry
35:54 Ballistics
35:43 Double Crossbow
35:41 Light Cavalry
36:32 Bloodlines
40:49 Hussar
44:58 Siege Engineers
57:21 Caravan
57:52 Coinage
shenyany
5:18 Loom
11:02 Feudal Age
15:17 Horse Collar
18:07 Castle Age
16:00 Double-Bit Axe
18:12 Stone Mining
19:02 Gold Mining
22:19 Bow Saw
26:38 Scale Barding Armor
28:42 Bloodlines
29:37 Wheelbarrow
31:38 Imperial Age
30:15 Forging
31:11 Husbandry
31:45 Town Watch
33:28 Caravan
33:20 Light Cavalry
35:03 Chemistry
34:39 Hand Cart
34:31 Treadmill Crane
35:42 Heavy Plow
36:10 Elite Steppe Lancer
37:02 Pikeman
37:10 Hussar
39:48 Siege Engineers
40:04 Ballistics
43:10 Heavy Scorpion
46:15 Elite Skirmisher
47:18 Murder Holes
47:33 Masonry
47:12 Arrowslits
47:38 Fortified Wall
47:53 Chain Barding Armor
47:23 Fletching
48:09 Iron Casting
47:36 Padded Archer Armor
48:37 Fortified Bastions
48:58 Conscription
49:19 Halberdier
49:59 Squires
53:37 Gambesons
53:38 Arson
55:28 Plate Barding Armor
55:53 Blast Furnace
54:56 Scale Mail Armor
55:11 Leather Archer Armor
54:52 Bodkin Arrow
kaifanestro
14:02 Loom
16:31 Feudal Age
17:49 Double-Bit Axe
19:15 Wheelbarrow
22:47 Gold Mining
26:46 Castle Age
25:13 Stone Mining
28:05 Bow Saw
32:37 Hand Cart
34:56 Gold Shaft Mining
39:06 Imperial Age
38:22 Coinage
37:52 Caravan
39:35 Husbandry
40:47 Chivalry
41:08 Conscription
41:04 Scale Barding Armor
41:36 Cavalier
43:51 Chain Barding Armor
43:41 Forging
43:22 Fletching
43:09 Paladin
46:09 Iron Casting
46:10 Plate Barding Armor
48:36 Blast Furnace
48:33 Bodkin Arrow
54:13 Banking
SidedMass3967
13:27 Feudal Age
14:57 Wheelbarrow
14:32 Horse Collar
15:00 Double-Bit Axe
23:01 Stone Mining
23:01 Gold Mining
25:26 Castle Age
28:03 Hand Cart
28:20 Bow Saw
28:21 Heavy Plow
29:18 Gold Shaft Mining
33:14 Caravan
34:52 Squires
34:20 Man-at-Arms
34:48 Arson
40:09 Imperial Age
37:39 Fletching
38:06 Masonry
37:36 Treadmill Crane
38:18 Ballistics
38:04 Murder Holes
38:14 Scale Mail Armor
37:44 Long Swordsman
38:31 Padded Archer Armor
40:00 Husbandry
40:10 Bloodlines
40:29 Heavy Cavalry Archer
41:48 Sipahi
42:30 Conscription
42:34 Scale Barding Armor
42:46 Forging
43:58 Elite Janissary
44:44 Artillery
45:01 Thumb Ring
45:30 Parthian Tactics
44:31 Two-Handed Swordsman
45:18 Bodkin Arrow
46:09 Champion
49:37 Chain Barding Armor
50:35 Iron Casting
50:15 Chain Mail Armor
53:45 Plate Barding Armor
54:11 Blast Furnace
53:42 Plate Mail Armor
53:27 Leather Archer Armor
53:13 Bracer
BigD1kBadger
10:14 Feudal Age
10:58 Double-Bit Axe
12:35 Horse Collar
14:36 Wheelbarrow
20:42 Castle Age
18:46 Man-at-Arms
22:54 Gold Mining
23:20 Heavy Plow
23:33 Bow Saw
25:56 Hand Cart
29:05 Padded Archer Armor
28:56 Fletching
29:19 Forging
29:56 Loom
34:40 Imperial Age
35:37 Leather Archer Armor
35:18 Bodkin Arrow
37:28 Elite Janissary
45:13 Ring Archer Armor
44:44 Bracer
44:49 Scale Barding Armor
46:22 Heavy Cavalry Archer
droidebhz
13:47 Feudal Age
12:12 Loom
18:29 Castle Age
19:17 Wheelbarrow
20:59 Double-Bit Axe
21:44 Horse Collar
24:55 Heavy Plow
25:45 Bow Saw
27:30 Hand Cart
28:17 Caravan
28:46 Gold Mining
28:51 Stone Mining
29:07 Scale Mail Armor
29:18 Forging
29:14 Scale Barding Armor
29:32 Pikeman
30:13 Squires
29:59 Arson
31:34 Treadmill Crane
31:50 Murder Holes
32:05 Fortified Wall
32:16 Ballistics
34:59 Imperial Age
36:29 Crop Rotation
37:04 Two-Man Saw
37:21 Conscription
37:38 Hoardings
38:30 Guilds
39:06 Gold Shaft Mining
39:08 Stone Shaft Mining
39:41 Chemistry
38:32 Guard Tower
38:28 Arrowslits
38:13 Capped Ram
38:14 Onager
38:24 Elite Skirmisher
39:15 Thumb Ring
39:31 Siege Ram
40:31 Halberdier
rodrigooboeponce
0:53 Loom
12:56 Feudal Age
13:21 Horse Collar
13:27 Double-Bit Axe
13:35 Gold Mining
13:35 Stone Mining
25:02 Castle Age
22:49 Town Watch
23:57 Forging
23:47 Scale Mail Armor
26:37 Squires
26:56 Chain Mail Armor
27:17 Iron Casting
26:14 Pikeman
27:44 Heavy Plow
28:23 Bow Saw
29:14 Gold Shaft Mining
33:30 Treadmill Crane
34:11 Ballistics
38:03 Imperial Age
36:54 Caravan
36:59 Padded Archer Armor
36:50 Fletching
36:43 Crossbowman
39:00 Arson
39:22 Capped Ram
41:41 Plate Mail Armor
41:45 Crop Rotation
42:17 Two-Man Saw
42:24 Blast Furnace
41:23 Bodkin Arrow
41:49 Leather Archer Armor
43:20 Conscription
44:36 Siege Ram
46:57 Bogsveigar
48:41 Chemistry
54:17 Elite Varangian Guard
Connection lost

Rejoining the realm…

Still unreachable

The connection could not be restored.

Session expired

The server has moved on; the page needs a fresh start.